General information
			
			
        
        - name: Grudge
 
        - type: Custom game
 
        - host: GOKUMaN69
 
        - saver: FINEx
 
        
map: BrokenShard 
        - players: 6
 
        - length: 19:38
 
        - speed: Fast
 - version: 1.22 W3XP
 - replay type:  Public
 
» download(70 KB)
Players
        team 1 (loser) 
              
              
1st_Panzer_Div. (
blue | 121 APM | 2368 actions | 19:36)
              
 4 Mountain King 
 2 Storm Bolt
 2 Bash
 
                » actions 
                
                | Assign group hotkey | 264 |  | 
| Basic commands | 248 |  | 
| Build / train | 60 |  | 
| ESC pressed | 1 |  | 
| Enter build submenu | 36 |  | 
| Enter hero's abilities submenu | 4 |  | 
| Right click | 546 |  | 
| Select / deselect | 443 |  | 
| Select group hotkey | 674 |  | 
| Use ability | 92 |  | 
                2368 total
 » units 
                
                | Peasant | 13 |  | 
| Footman | 5 |  | 
| Rifleman | 7 |  | 
| Sorceress | 5 |  | 
| Priest | 2 |  | 
| Dragonhawk Rider | 1 |  | 
                33 total
 » upgrades
                
                | Masonry | 2 |  | 
| Magic Sentry | 1 |  | 
| Long Rifles | 1 |  | 
                4 total
 » buildings
                
                | Altar of Kings | 1 |  | 
| Barracks | 1 |  | 
| Farm | 6 |  | 
| Scout Tower | 15 |  | 
| Arcane Vault | 4 |  | 
| Arcane Tower | 1 |  | 
| Lumber Mill | 1 |  | 
| Guard Tower | 8 |  | 
| Keep | 1 |  | 
| Blacksmith | 1 |  | 
| Arcane Sanctum | 1 |  | 
| Gryphon Aviary | 1 |  | 
                41 total
 » build order
                00:07 Altar of Kings
00:14 Barracks
00:26 Farm
01:06 Scout Tower
01:27 Farm
01:47 Arcane Vault
02:04 Farm
03:07 Arcane Tower
03:31 Arcane Vault
03:41 Farm
03:46 Scout Tower
03:53 Lumber Mill
04:28 Scout Tower
04:59 Guard Tower
05:29 Keep
05:38 Guard Tower
05:54 Arcane Vault
06:13 Farm
07:39 Scout Tower
07:43 Arcane Vault
07:52 Blacksmith
08:13 Guard Tower
09:01 Scout Tower
09:12 Scout Tower
09:23 Arcane Sanctum
09:34 Guard Tower
09:45 Guard Tower
10:29 Scout Tower
10:56 Farm
11:14 Guard Tower
11:55 Scout Tower
12:34 Guard Tower
13:31 Scout Tower
14:56 Scout Tower
15:33 Guard Tower
16:07 Gryphon Aviary
19:07 Scout Tower
19:08 Scout Tower
19:10 Scout Tower
19:12 Scout Tower
19:19 Scout Tower
» items
                
                | Scroll of Regeneration | 3 |  | 
| Lesser Clarity Potion | 3 |  | 
| Potion of Healing | 2 |  | 
                8 total
  
               team 2 (winner) 
              
              
FINEx (
teal | 85 APM | 1660 actions | 19:38)
              
 4 Blademaster 
 2 Wind Walk
 2 Critical Strike
 4 Tauren Chieftain 
 2 Shockwave
 2 Endurance Aura
 
                » actions 
                
                | Assign group hotkey | 103 |  | 
| Basic commands | 10 |  | 
| Build / train | 70 |  | 
| Enter build submenu | 18 |  | 
| Enter hero's abilities submenu | 8 |  | 
| Give item / drop item | 1 |  | 
| Remove unit from queue | 4 |  | 
| Right click | 876 |  | 
| Select / deselect | 286 |  | 
| Select group hotkey | 203 |  | 
| Use ability | 81 |  | 
                1660 total
 » units 
                
                | Peon | 11 |  | 
| Grunt | 8 |  | 
| Wind Rider | 4 |  | 
| Raider | 2 |  | 
| Demolisher | 5 |  | 
| Spirit Walker | 1 |  | 
| Tauren | 1 |  | 
| Troll Batrider | 2 |  | 
                34 total
 » upgrades
                
                | Berserker Strength | 1 |  | 
| Pillage | 1 |  | 
| Ensnare | 1 |  | 
| Shaman Training | 0 |  | 
| Spirit Walker Training | 1 |  | 
| Ranged Weapons | 1 |  | 
| Burning Oil | 1 |  | 
                6 total
 » buildings
                
                | Altar of Storms | 1 |  | 
| Orc Burrow | 7 |  | 
| Barracks | 1 |  | 
| Voodoo Lounge | 1 |  | 
| Stronghold | 1 |  | 
| Beastiary | 1 |  | 
| Fortress | 1 |  | 
| Spirit Lodge | 1 |  | 
| War Mill | 1 |  | 
| Tauren Totem | 2 |  | 
| Great Hall | 1 |  | 
                18 total
 » build order
                00:03 Altar of Storms
00:06 Orc Burrow
00:31 Barracks
01:45 Orc Burrow
02:09 Voodoo Lounge
03:19 Stronghold
03:58 Orc Burrow
05:31 Orc Burrow
05:47 Beastiary
06:00 Fortress
07:16 Spirit Lodge
09:00 War Mill
13:28 Orc Burrow
13:38 Tauren Totem
13:41 Orc Burrow
15:01 Tauren Totem
15:06 Orc Burrow
15:51 Great Hall
» items
                
                | Healing Salve | 6 |  | 
| Scroll of Speed | 4 |  | 
| Lesser Clarity Potion | 4 |  | 
                14 total
  
               refereesGOKUMaN69, 
OMGGOONRUSH, 
TALONSAREIMBA, 
HERNaNDO Chat log
          (00:11 / All) FINEx: GL HF
(00:14 / All) GOKUMaN69: tricks
(00:15 / All) HERNaNDO: GL HF
(00:17 / All) FINEx: not
(00:18 / All) FINEx: owned
(00:18 / All) 1st_Panzer_Div.: lol?
(00:22 / All) HERNaNDO: ahaha nice
(00:31 / All) 1st_Panzer_Div.: you are gosu
(00:34 / All) GOKUMaN69: u did that lil move at the last second man
(00:41 / All) HERNaNDO: Mind Gamez
(00:47 / All) FINEx: terrible player i destroy u
(01:46 / All) TALONSAREIMBA: j_m why brokenshard
(01:55 / All) GOKUMaN69: good map
(02:03 / All) HERNaNDO: Sick map
(02:08 / All) TALONSAREIMBA: u guy trollin
(02:12 / All) HERNaNDO: ?
(06:15 / All) GOKUMaN69: HUR DUR
(07:03 / All) HERNaNDO: 1st panzer division 1v1 me on the map The Island
(07:14 / All) TALONSAREIMBA: hernando 1v1 me on hurricane isles
(07:18 / All) TALONSAREIMBA: if ur not a dodger
(07:26 / All) HERNaNDO: YOUR ON NOOB
(07:43 / All) TALONSAREIMBA: k host
(08:00 / All) HERNaNDO: w8
(09:12 / All) GOKUMaN69: Ballin
(10:02 / All) HERNaNDO: D d d d d irty YeaAH
(10:09 / All) TALONSAREIMBA: dirt nasty 1980
(10:43 / All) HERNaNDO: im a dirtey frat boy on a dirtey soccer team
(10:46 / All) HERNaNDO: go into the locker room
(10:50 / All) HERNaNDO: after WrEsTeLin
(10:52 / All) HERNaNDO: i was there
(10:55 / All) HERNaNDO: Cuz my buddys down
(11:01 / All) HERNaNDO: there is nothin wrong with HELPIN A BUDDY OUT ;-)
(11:08 / All) HERNaNDO: with SOCCCCER PRACTICE
(11:12 / All) GOKUMaN69: :0)
(11:21 / All) HERNaNDO: Crystal Arachnid
(11:31 / All) HERNaNDO: WEED crystals lmao
(16:28 / All) GOKUMaN69: :*)
(16:43 / All) HERNaNDO: TUSKARRRR
(18:29 / All) FINEx: terrible playerw
(18:36 / All) 1st_Panzer_Div.: yup I guess I am
(18:52 / All) TALONSAREIMBA: so.
(18:54 / All) HERNaNDO: 99_99
(19:01 / All) GOKUMaN69: no wounder he didn't want 2 play u man
(19:22 / All) HERNaNDO: Torren